Workbook
Name autres: #REF!
Name Base: #REF!
Name Cheque: #REF!
Name condo: #REF!
Name depot: #REF!
Name FA: #REF!
Name FC: #REF!
Name fournisseurs: #REF!
Name FP: #REF!
Name frais_condo: #REF!
Name frais_reel: #REF!
Name interet: #REF!
Name modif: #REF!
Name mois: #REF!
Name NOM: #REF!
Name Novembre: #REF!
Name octobre: #REF!
Name POSTE_COMPTABLE: CODE!$A$2:$C$118
Name reel_2018: #REF!
Name total: AOÛT!$D$6:$U$21
Name Total_depense: #REF!
Name virement: #REF!

Sheet CODE
A1: POSTE COMPTABLE SDC LES CASTEL DU HAVRE PHASE VIII
B2: Fréquemment utilisé
A3: 2000
A4: 2001
A5: 2002
A6: 2003
A7: 2004
A8: 2005
A9: 2010
A10: 2011
A11: 2012
A12: 2013
A13: 2014
A14: 2020
... A81: 5200
B82: DIVERS
A83: 2040 | B83: SERRURIER
A84: 2050 | B84: PEINTURES ALAIN GIROUARD
A85: 2060 | B85: JPG ASPIRATEUR
A86: 2070 | B86: MG ÉLECTRIQUE
A87: 2080 | B87: PORTES DE GARAGE JFL
A88: 2090 | B88: PLOMBERIE RÉJEAN LEMELIN
A89: 2100 | B89: SYLVESTRES ASSOCIÉES ÉVALUATION
A90: 2110 | B90: Réparations diverses
A91: 4030 | B91: LOISIRS DOUVILLE (location salle)
A92: 4040 | B92: RBQ -
A93: 4050 | B93: RBQ Frais annuel
A94: 4051 | B94: RBQ inspection
... A107: 5070 | B107: Extermination MG
A108: 5080
A109: 5090
A110: 5091
A111: 5092
A112: 5093
A113: 5094
A114: 5095
A115: 5096
A116: 5097
A117: 5098
A118: 5099

Sheet CUMULATIF
A1: SOMMAIRE ANNUEL
A2: =AOÛT!S2 -> 1962.85 | T2: =JUILLET!S58 -> 154.9
A3: MOIS | B3: ASSURANCE | C3: ENTRETIEN MÉNAGER | D3: MASKATEL | E3: PAYSAGEMENT | F3: DÉNEIGEMENT | G3: ASCENSEUR | H3: HYDRO-QUÉBEC | I3: ALARME | J3: EXTINCTEURS | K3: ENTERTIEN ET RÉPARATION | L3: FRAIS DE GESTION | M3: FRAIS DE BUREAU | N3: FRAIS DE CAISSE | O3: DIVERS | P3: FRAIS DE CONDO DÉPOSÉS | Q3: FOND D'AUTO-ASSURANCE | R3: FOND DE PRÉVOYANCE | S3: REVENUS AUTRES
A4: AOÛT | O4: =SUMIFS(AOÛT!T26:U36,AOÛT!D26:E36,"5060",AOÛT!D26:E36,"5070") -> 0 | P4: =AOÛT!S22-(AOÛT!S20+U21) -> 0 | Q4: =SUM(AOÛT!S49) -> 0 | R4: =SUM(AOÛT!S41) -> 0 | S4: =SUM(AOÛT!S$20:S$21) -> 0
A5: SEPTEMBRE | S5: =SUM(SEPTEMBRE!S$20:S$21) -> 0
A6: OCTOBRE | S6: =SUM(OCTOBRE!S$20:S$21) -> 0
A7: NOVEMBRE | S7: =SUM(NOVEMBRE!S$20:S$21) -> 0
A8: DÉCEMBRE | S8: =SUM(DÉCEMBRE!S$20:S$21) -> 0
A9: JANVIER | S9: =SUM(JANVIER!S$20:S$21) -> 0
A10: FÉVRIER | S10: =SUM(FÉVRIER!S$20:S$21) -> 0
A11: MARS | S11: =SUM(MARS!S$20:S$21) -> 0
A12: AVRIL | S12: =SUM(AVRIL!S$20:S$21) -> 0
A13: MAI | S13: =SUM(MAI!S$20:S$21) -> 0
A14: JUIN | S14: =SUM(JUIN!S$20:S$21) -> 0
A15: JUILLET | S15: =SUM(JUILLET!S$20:S$21) -> 0
A16: TOTAL | B16: =SUM(B4:B15) -> 0 | C16: =SUM(C4:C15) -> 0 | D16: =SUM(D4:D15) -> 0 | E16: =SUM(E4:E15) -> 0 | F16: =SUM(F5:F15) -> 0 | G16: =SUM(G4:G15) -> 0 | H16: =SUM(H4:H15) -> 0 | I16: =SUM(I4:I15) -> 0 | J16: =SUM(J4:J15) -> 0 | K16: =SUM(K4:K15) -> 0 | L16: =SUM(L4:L15) -> 0 | M16: =SUM(M4:M15) -> 0 | N16: =SUM(N4:N15) -> 0 | ... S16: =SUM(S4:S15) -> 0

Sheet AOÛT
B2: AOÛT | E2: 2022 | Q2: SOLDE AU DÉBUT: | S2: 1962.85
B5: DATE | D5: UNITÉ | E5: REVENUS | G5: FRAIS DE CONDO
Q22: TOTAL REVENUS | S22: =SUM(S6:U21) -> 0
P24: # Confirmation
B25: DATE | D25: POSTE | F25: NOM DE LA DÉPENSE
B26: 44775 | D26: 2000 | T26: 546.94
B27: 44790 | D27: 2004 | T27: 50.91
B28: 44795 | D28: 2003 | T28: 200
B29: 44796 | D29: 2002 | T29: 620.87
B30: 44798 | D30: 2005 | T30: 33.28
B31: 44804 | D31: 2150 | T31: 5.95
D32: 5060 | F32: =IFERROR(VLOOKUP(D32,POSTE_COMPTABLE,2),"") -> SINISTRE | T32: 150
D33: 5070 | F33: =IFERROR(VLOOKUP(D33,POSTE_COMPTABLE,2),"") -> Extermination MG | T33: 200
Q37: TOTAL DES DÉPENSES | T37: =SUM(T26:U36) -> 1807.95
B40: FONDS DE PRÉVOYANCE | Q40: SOLDE AU DÉBUT | S40: 45370.67
O41: Dépôts
O42: Intérêts promotion
O43: Intérêts gagnés
O44: Retrait
B48: FOND D'AUTO-ASSURANCE
O49: Dépôts
O50: Intérêts promotion
O51: Intérêts gagnés
O52: Retrait
Q53: NOUVEAU SOLDE | S53: =SUM(S48:U52) -> 0
B56: CAISSE POPULAIRE | Q56: DÉPÔTS | S56: =S22 -> 0
Q57: RETRAITS | S57: =T37+S41+S49 -> 1807.95
Q58: SOLDE À LA FIN | S58: =SUM(S2+S56)-S57 -> 154.9

Sheet SEPTEMBRE
B2: SEPTEMBRE | E2: =AOÛT!E2 -> 2022 | Q2: SOLDE AU DÉBUT: | S2: =AOÛT!S58 -> 154.9
B5: DATE | D5: UNITÉ | E5: REVENUS | G5: FRAIS DE CONDO
Q22: TOTAL REVENUS | S22: =SUM(S6:U21) -> 0
P24: # Confirmation
B25: DATE | D25: POSTE | F25: NOM DE LA DÉPENSE
Q37: TOTAL DES DÉPENSES | T37: =SUM(T26:U36) -> 0
B40: FONDS DE PRÉVOYANCE | Q40: SOLDE AU DÉBUT | S40: =AOÛT!S45 -> 0
O41: Dépôts
O42: Intérêts promotion
O43: Intérêts gagnés
O44: Retrait
B48: FOND D'AUTO-ASSURANCE
O49: Dépôts
O50: Intérêts promotion
O51: Intérêts gagnés
O52: Retrait
Q53: NOUVEAU SOLDE | S53: =SUM(S48:U52) -> 0
B56: CAISSE POPULAIRE | Q56: DÉPÔTS | S56: =S22 -> 0
Q57: RETRAITS | S57: =T37+S41+S49 -> 0
Q58: SOLDE À LA FIN | S58: =S2+S56-S57 -> 154.9

Sheet OCTOBRE
B2: OCTOBRE | E2: =AOÛT!E2 -> 2022 | Q2: SOLDE AU DÉBUT: | S2: =SEPTEMBRE!S58 -> 154.9
B5: DATE | D5: UNITÉ | E5: REVENUS | G5: FRAIS DE CONDO
Q22: TOTAL REVENUS | S22: =SUM(S6:S21) -> 0
P24: # Confirmation
B25: DATE | D25: POSTE | F25: NOM DE LA DÉPENSE
Q37: TOTAL DES DÉPENSES | T37: =SUM(T26:U36) -> 0
B40: FONDS DE PRÉVOYANCE | Q40: SOLDE AU DÉBUT | S40: =SEPTEMBRE!S45 -> 0
O41: Dépôts
O42: Intérêts promotion
O43: Intérêts gagnés
O44: Retrait
B48: FOND D'AUTO-ASSURANCE
O49: Dépôts
O50: Intérêts promotion
O51: Intérêts gagnés
O52: Retrait
Q53: NOUVEAU SOLDE | S53: =SUM(S48:U52) -> 0
B56: CAISSE POPULAIRE | Q56: DÉPÔTS | S56: =S22 -> 0
Q57: RETRAITS | S57: =T37+S41+S49 -> 0
Q58: SOLDE À LA FIN | S58: =S2+S56-S57 -> 154.9

Sheet NOVEMBRE
B2: NOVEMBRE | E2: =AOÛT!E2 -> 2022 | Q2: SOLDE AU DÉBUT: | S2: =OCTOBRE!S58 -> 154.9
B5: DATE | D5: UNITÉ | E5: REVENUS | G5: FRAIS DE CONDO
Q22: TOTAL REVENUS | S22: =SUM(S6:U21) -> 0
P24: # Confirmation
B25: DATE | D25: POSTE | F25: NOM DE LA DÉPENSE
Q37: TOTAL DES DÉPENSES | T37: =SUM(T26:U36) -> 0
B40: FONDS DE PRÉVOYANCE | Q40: SOLDE AU DÉBUT | S40: =OCTOBRE!S45 -> 0
O41: Dépôts
O42: Intérêts promotion
O43: Intérêts gagnés
O44: Retrait
B48: FOND D'AUTO-ASSURANCE
O49: Dépôts
O50: Intérêts promotion
O51: Intérêts gagnés
O52: Retrait
Q53: NOUVEAU SOLDE | S53: =SUM(S48:U52) -> 0
B56: CAISSE POPULAIRE | Q56: DÉPÔTS | S56: =S22 -> 0
Q57: RETRAITS | S57: =T37+S41+S49 -> 0
Q58: SOLDE À LA FIN | S58: =S2+S56-S57 -> 154.9

Sheet DÉCEMBRE
B2: DÉCEMBRE | E2: =AOÛT!E2 -> 2022 | Q2: SOLDE AU DÉBUT: | S2: =NOVEMBRE!S58 -> 154.9
B5: DATE | D5: UNITÉ | E5: REVENUS | G5: FRAIS DE CONDO
Q22: TOTAL REVENUS | S22: =SUM(S6:U21) -> 0
P24: # Confirmation
B25: DATE | D25: POSTE | F25: NOM DE LA DÉPENSE
Q37: TOTAL DES DÉPENSES | T37: =SUM(T26:U36) -> 0
B40: FONDS DE PRÉVOYANCE | Q40: SOLDE AU DÉBUT | S40: =NOVEMBRE!S45 -> 0
O41: Dépôts
O42: Intérêts promotion
O43: Intérêts gagnés
O44: Retrait
B48: FOND D'AUTO-ASSURANCE
O49: Dépôts
O50: Intérêts promotion
O51: Intérêts gagnés
O52: Retrait
Q53: NOUVEAU SOLDE | S53: =SUM(S48:U52) -> 0
B56: CAISSE POPULAIRE | Q56: DÉPÔTS | S56: =S22 -> 0
Q57: RETRAITS | S57: =T37+S41+S49 -> 0
Q58: SOLDE À LA FIN | S58: =S2+S56-S57 -> 154.9

Sheet JANVIER
B2: JANVIER | E2: =AOÛT!E2+1 -> 2023 | Q2: SOLDE AU DÉBUT: | S2: =DÉCEMBRE!S58 -> 154.9
B5: DATE | D5: UNITÉ | E5: REVENUS | G5: FRAIS DE CONDO
Q22: TOTAL REVENUS | S22: =SUM(S6:U21) -> 0
P24: # Confirmation
B25: DATE | D25: POSTE | F25: NOM DE LA DÉPENSE
Q37: TOTAL DES DÉPENSES | T37: =SUM(T26:U36) -> 0
B40: FONDS DE PRÉVOYANCE | Q40: SOLDE AU DÉBUT | S40: =DÉCEMBRE!S45 -> 0
O41: Dépôts
O42: Intérêts promotion
O43: Intérêts gagnés
O44: Retrait
B48: FOND D'AUTO-ASSURANCE
O49: Dépôts
O50: Intérêts promotion
O51: Intérêts gagnés
O52: Retrait
Q53: NOUVEAU SOLDE | S53: =SUM(S48:U52) -> 0
B56: CAISSE POPULAIRE | Q56: DÉPÔTS | S56: =S22 -> 0
Q57: RETRAITS | S57: =T37+S41+S49 -> 0
Q58: SOLDE À LA FIN | S58: =S2+S56-S57 -> 154.9

Sheet FÉVRIER
B2: FÉVRIER | E2: =JANVIER!E2 -> 2023 | Q2: SOLDE AU DÉBUT: | S2: =JANVIER!S58 -> 154.9
B5: DATE | D5: UNITÉ | E5: REVENUS | G5: FRAIS DE CONDO
Q22: TOTAL REVENUS | S22: =SUM(S6:U21) -> 0
P24: # Confirmation
B25: DATE | D25: POSTE | F25: NOM DE LA DÉPENSE
Q37: TOTAL DES DÉPENSES | T37: =SUM(T26:U36) -> 0
B40: FONDS DE PRÉVOYANCE | Q40: SOLDE AU DÉBUT | S40: =JANVIER!S45 -> 0
O41: Dépôts
O42: Intérêts promotion
O43: Intérêts gagnés
O44: Retrait
B48: FOND D'AUTO-ASSURANCE
O49: Dépôts
O50: Intérêts promotion
O51: Intérêts gagnés
O52: Retrait
Q53: NOUVEAU SOLDE | S53: =SUM(S48:U52) -> 0
B56: CAISSE POPULAIRE | Q56: DÉPÔTS | S56: =S22 -> 0
Q57: RETRAITS | S57: =T37+S41+S49 -> 0
Q58: SOLDE À LA FIN | S58: =S2+S56-S57 -> 154.9

Sheet MARS
B2: MARS | E2: =JANVIER!E2 -> 2023 | Q2: SOLDE AU DÉBUT: | S2: =FÉVRIER!S58 -> 154.9
B5: DATE | D5: UNITÉ | E5: REVENUS | G5: FRAIS DE CONDO
Q22: TOTAL REVENUS | S22: =SUM(S6:U21) -> 0
P24: # Confirmation
B25: DATE | D25: POSTE | F25: NOM DE LA DÉPENSE
Q37: TOTAL DES DÉPENSES | T37: =SUM(T26:U36) -> 0
B40: FONDS DE PRÉVOYANCE | Q40: SOLDE AU DÉBUT | S40: =FÉVRIER!S45 -> 0
O41: Dépôts
O42: Intérêts promotion
O43: Intérêts gagnés
O44: Retrait
B48: FOND D'AUTO-ASSURANCE
O49: Dépôts
O50: Intérêts promotion
O51: Intérêts gagnés
O52: Retrait
Q53: NOUVEAU SOLDE | S53: =SUM(S48:U52) -> 0
B56: CAISSE POPULAIRE | Q56: DÉPÔTS | S56: =S22 -> 0
Q57: RETRAITS | S57: =T37+S41+S49 -> 0
Q58: SOLDE À LA FIN | S58: =S2+S56-S57 -> 154.9

Sheet AVRIL
B2: AVRIL | E2: =JANVIER!E2 -> 2023 | Q2: SOLDE AU DÉBUT: | S2: =MARS!S58 -> 154.9
B5: DATE | D5: UNITÉ | E5: REVENUS | G5: FRAIS DE CONDO
Q22: TOTAL REVENUS | S22: =SUM(S6:U21) -> 0
P24: # Confirmation
B25: DATE | D25: POSTE | F25: NOM DE LA DÉPENSE
Q37: TOTAL DES DÉPENSES | T37: =SUM(T26:U36) -> 0
B40: FONDS DE PRÉVOYANCE | Q40: SOLDE AU DÉBUT | S40: =MARS!S45 -> 0
O41: Dépôts
O42: Intérêts promotion
O43: Intérêts gagnés
O44: Retrait
B48: FOND D'AUTO-ASSURANCE
O49: Dépôts
O50: Intérêts promotion
O51: Intérêts gagnés
O52: Retrait
Q53: NOUVEAU SOLDE | S53: =SUM(S48:U52) -> 0
B56: CAISSE POPULAIRE | Q56: DÉPÔTS | S56: =S22 -> 0
Q57: RETRAITS | S57: =T37+S41+S49 -> 0
Q58: SOLDE À LA FIN | S58: =S2+S56-S57 -> 154.9

Sheet MAI
B2: MAI | E2: =JANVIER!E2 -> 2023 | Q2: SOLDE AU DÉBUT: | S2: =AVRIL!S58 -> 154.9
B5: DATE | D5: UNITÉ | E5: REVENUS | G5: FRAIS DE CONDO
Q22: TOTAL REVENUS | S22: =SUM(S6:U21) -> 0
P24: # Confirmation
B25: DATE | D25: POSTE | F25: NOM DE LA DÉPENSE
Q37: TOTAL DES DÉPENSES | T37: =SUM(T26:U36) -> 0
B40: FONDS DE PRÉVOYANCE | Q40: SOLDE AU DÉBUT | S40: =AVRIL!S45 -> 0
O41: Dépôts
O42: Intérêts promotion
O43: Intérêts gagnés
O44: Retrait
B48: FOND D'AUTO-ASSURANCE
O49: Dépôts
O50: Intérêts promotion
O51: Intérêts gagnés
O52: Retrait
Q53: NOUVEAU SOLDE | S53: =SUM(S48:U52) -> 0
B56: CAISSE POPULAIRE | Q56: DÉPÔTS | S56: =S22 -> 0
Q57: RETRAITS | S57: =T37+S41+S49 -> 0
Q58: SOLDE À LA FIN | S58: =S2+S56-S57 -> 154.9

Sheet JUIN
B2: JUIN | E2: =JANVIER!E2 -> 2023 | Q2: SOLDE AU DÉBUT: | S2: =MAI!S58 -> 154.9
B5: DATE | D5: UNITÉ | E5: REVENUS | G5: FRAIS DE CONDO
Q22: TOTAL REVENUS | S22: =SUM(S6:U21) -> 0
P24: # Confirmation
B25: DATE | D25: POSTE | F25: NOM DE LA DÉPENSE
Q37: TOTAL DES DÉPENSES | T37: =SUM(T26:U36) -> 0
B40: FONDS DE PRÉVOYANCE | Q40: SOLDE AU DÉBUT | S40: =MAI!S45 -> 0
O41: Dépôts
O42: Intérêts promotion
O43: Intérêts gagnés
O44: Retrait
B48: FOND D'AUTO-ASSURANCE
O49: Dépôts
O50: Intérêts promotion
O51: Intérêts gagnés
O52: Retrait
Q53: NOUVEAU SOLDE | S53: =SUM(S48:U52) -> 0
B56: CAISSE POPULAIRE | Q56: DÉPÔTS | S56: =S22 -> 0
Q57: RETRAITS | S57: =T37+S41+S49 -> 0
Q58: SOLDE À LA FIN | S58: =S2+S56-S57 -> 154.9

Sheet JUILLET
B2: JUILLET | E2: =JANVIER!E2 -> 2023 | Q2: SOLDE AU DÉBUT: | S2: =JUIN!S58 -> 154.9
B5: DATE | D5: UNITÉ | E5: REVENUS | G5: FRAIS DE CONDO
Q22: TOTAL REVENUS | S22: =SUM(S6:U21) -> 0
P24: # Confirmation
B25: DATE | D25: POSTE | F25: NOM DE LA DÉPENSE
Q37: TOTAL DES DÉPENSES | T37: =SUM(T26:U36) -> 0
B40: FONDS DE PRÉVOYANCE | Q40: SOLDE AU DÉBUT | S40: =JUIN!S45 -> 0
O41: Dépôts
O42: Intérêts promotion
O43: Intérêts gagnés
O44: Retrait
B48: FOND D'AUTO-ASSURANCE
O49: Dépôts
O50: Intérêts promotion
O51: Intérêts gagnés
O52: Retrait
Q53: NOUVEAU SOLDE | S53: =SUM(S48:U52) -> 0
B56: CAISSE POPULAIRE | Q56: DÉPÔTS | S56: =S22 -> 0
Q57: RETRAITS | S57: =T37+S41+S49 -> 0
Q58: SOLDE À LA FIN | S58: =S2+S56-S57 -> 154.9
